 Dungeon Sprint DCSS version 0.32-a0-768-g0f6f1dd4b9 (webtiles) character file.

Game seed: 10791387167148239565

427 Elsrick the Carver (level 6, -11/85 HPs)
             Began as a Demonspawn Berserker on Mar 18, 2024.
             Was an Elder of Trog.
             Mangled by a shadow (28 damage)
             ... in the Dungeon (Sprint IX: "|||||||||||||||||||||||||||||").
             The game lasted 00:01:48 (212 turns).

Elsrick the Carver (Demonspawn Berserker)            Turns: 212, Time: 00:01:48

Health: -11/85     AC: 11    Str: 19    XL:     6   Next: 65%
Magic:  6/6        EV: 13    Int:  8    God:    Trog [****..]
Gold:   0          SH:  0    Dex: 12    Spells: 5/5 levels left

rFire   . . .        a - +0 falchion
rCold   . . .        (no shield)
rNeg    . . .        b - +0 animal skin
rPois   .            (no helmet)
rElec   .            (no cloak)
rCorr   .            (no gloves)
SInv    .            (no boots)
Will    ++...        (no amulet) Stlth
                     (no ring)
HPRegen 1.34/turn    (no ring)
MPRegen 0.10/turn

%: no teleportation
@: berserking, strong-willed, sanguine armoured, regenerating, very quick
A: sanguine armour 2, demonic touch 2
a: Renounce Religion, Berserk, Trog's Hand, Brothers in Arms


You were in the Dungeon.
You worshipped Trog.
Trog was greatly pleased with you.
You visited 1 branch

Inventory:

Hand Weapons
 a - a +0 falchion (weapon)
Armour
 b - a +0 animal skin (worn)
Jewellery
 k - a +3 ring of strength
 l - a +2 ring of protection
Wands
 j - a wand of roots (10)
Scrolls
 h - 2 scrolls of blinking
Potions
 c - 5 potions of curing
 d - 3 potions of heal wounds
 e - a potion of haste
 f - 4 potions of magic
 g - a potion of berserk rage
 i - a potion of invisibility


   Skills:
 + Level 8.6 Fighting
 + Level 9.1 Long Blades
 + Level 3.9 Armour
 + Level 5.9 Dodging


You had 5 spell levels left.
You didn't know any spells.
Your spell library was empty.

Dungeon Overview and Level Annotations

Branches:
Dungeon (1/1)

Altars:
Cheibriados
Dithmenos
Fedhas
Gozag
Hepliaklqana
Kikubaaqudgha
Makhleb
Nemelex Xobeh
Okawaru
Qazlal
Ru
Sif Muna
Trog
Uskayaw
Vehumet
Wu Jian
Xom
Yredelemnul
Beogh
Jiyva
Lugonu


Innate Abilities, Weirdness & Mutations

When seriously injured, your blood forms thick armour. (AC +9)
Your touch may inflict irresistible damage on your foes.


Message History

The magic dart hits you!
* * * LOW HITPOINT WARNING * * *
You hit something.
Your skin crawls.
You feel strong-willed.
You can no longer call in reinforcements.
Something hits you but does no damage.
A red film seems to cover your vision as you go berserk!
You feel yourself moving faster!
You feel mighty! Something hits you but does no damage.
You hit something.
You touch something.
Trog accepts your kill.
You can now call in reinforcements.
Trog appreciates your killing of a magic user.
Reactivating autopickup.
You feel a bit more experienced.
Your Long Blades skill increases to level 8!
Your Dodging skill increases to level 5!
You have reached level 6!
Your demonic ancestry asserts itself...
Your hands glow brighter with unholy energy.
You completely miss the yak. The yak gores you.
* * * LOW HITPOINT WARNING * * *
You slash the yak!
The yak is moderately wounded.
You barely miss the yak.
The yak is moderately wounded.
The yak gores you.
* * * LOW HITPOINT WARNING * * *
You hit the yak.
The yak is moderately wounded.
You slash the yak!
You touch the yak!
You kill the yak!
Trog accepts your kill.
Your Fighting skill increases to level 8!
Your Long Blades skill increases to level 9!
Deactivating autopickup; reactivate with Ctrl-A.
You miss something.
You touch something!
You hit something.
The shadow strikes at you from the darkness!
You die...

▓.▓
▓.▓
▓.▓
▓y▓
▓Y▓
▓.▓
▓{▓
▓@▓
▓.▓
▓[▓
▓[▓
▓[▓
▓.▓
▓)▓
▓?▓
▓.▓


You could see a yak and a killer bee.

Vanquished Creatures
  A yak (D)
  A centaur (D)
  A scorpion (D)
  A killer bee (D)
  A hound (D)
  An orc wizard (D)
  2 iguanas (D)
  An endoplasm (D)
  A ball python (D)
  A bat (D)
  A frilled lizard (D)
  A kobold (D)
13 creatures vanquished.

Notes
Turn   | Place    | Note
-------+----------+-------------------------------------------
     0 | D        | Elsrick the Demonspawn Berserker began the quest for the
                  | Orb.
     0 | D        | Reached XP level 1. HP: 18/18 MP: 1/1
    12 | D        | Reached skill level 3 in Long Blades
    12 | D        | Reached ** piety under Trog
    78 | D        | Noticed a scorpion
    78 | D        | Noticed an iguana
    78 | D        | Noticed a centaur
    78 | D        | Noticed an iguana
    78 | D        | Noticed a hound
    82 | D        | Killed a hound
    83 | D        | Reached skill level 4 in Long Blades
    83 | D        | Gained mutation: Your touch may inflict minor irresistible
                  | damage on your foes. [demonic ancestry]
    83 | D        | Reached XP level 2. HP: 26/26 MP: 2/2
    83 | D        | Gained mutation: When seriously injured, your blood forms
                  | armour. (AC +9) [demonic ancestry]
    83 | D        | Reached XP level 3. HP: 31/31 MP: 3/3
    84 | D        | Reached *** piety under Trog
    85 | D        | Reached skill level 5 in Fighting
    85 | D        | Reached skill level 5 in Long Blades
    87 | D        | Killed a centaur
    88 | D        | Reached skill level 6 in Long Blades
    88 | D        | Reached XP level 4. HP: 41/41 MP: 4/4
    89 | D        | Killed a scorpion
    90 | D        | Reached skill level 7 in Long Blades
    90 | D        | Gained mutation: When seriously injured, your blood forms
                  | thick armour. (AC +9) [demonic ancestry]
    90 | D        | Reached XP level 5. HP: 48/48 MP: 5/5
   144 | D        | Found a roughly hewn altar of Beogh.
   144 | D        | Found a snail-covered altar of Cheibriados.
   144 | D        | Found a shadowy altar of Dithmenos.
   144 | D        | Found a blossoming altar of Fedhas.
   144 | D        | Found an opulent altar of Gozag.
   145 | D        | Found a hazy altar of Hepliaklqana.
   146 | D        | Found a viscous altar of Jiyva.
   147 | D        | Found an ancient bone altar of Kikubaaqudgha.
   148 | D        | Found a corrupted altar of Lugonu.
   149 | D        | Found a burning altar of Makhleb.
   150 | D        | Found a sparkling altar of Nemelex Xobeh.
   151 | D        | Found an iron altar of Okawaru.
   152 | D        | Found a stormy altar of Qazlal.
   153 | D        | Found a sacrificial altar of Ru.
   154 | D        | Found a shimmering blue altar of Sif Muna.
   155 | D        | Found a bloodstained altar of Trog.
   156 | D        | Found a hide-covered altar of Uskayaw.
   157 | D        | Found a radiant altar of Vehumet.
   158 | D        | Found an ornate altar of the Wu Jian Council.
   159 | D        | Found a shimmering altar of Xom.
   160 | D        | Found a basalt altar of Yredelemnul.
   188 | D        | Noticed a yak
   188 | D        | Noticed a shadow
   188 | D        | Noticed a yak
   197 | D        | Reached **** piety under Trog
   206 | D        | Reached skill level 8 in Long Blades
   206 | D        | Reached skill level 5 in Dodging
   206 | D        | Gained mutation: Your touch may inflict irresistible damage
                  | on your foes. [demonic ancestry]
   206 | D        | Reached XP level 6. HP: 14/56 MP: 6/6
   210 | D        | Killed a yak
   211 | D        | Reached skill level 9 in Long Blades
   212 | D        | Mangled by a shadow

Illustrated notes

Levels and vault maps discovered:
D:        linesprint [early_d, line_temple, items_1, d_10, items_2, lair_1,
          lair_end, items_3, orc_1, orc_end, items_4, d_15, swamp_1, shoals_1,
          snake_1, spider_1, d_20, vaults_1, items_5, swamp_end, shoals_end,
          snake_end, spider_end, vaults_end, d_27, items_6, zot_1, zot_end,
          crypt_end, forest_end, elf_end, slime_end, tomb_end, abyss_end,
          pan_hell_end]

Skill      XL: |  1  2  3  4  5  6 |
---------------+-------------------+-----
Long Blades    | 4 6 7 8 9 |  9.1
Dodging        | 2 3 4 5 |  5.9
Armour         | 2 3 |  3.9
Fighting       | 4 6 7 8 |  8.6

Action                     |  1- 3 |  4- 6 || total
---------------------------+-------+-------++-------
  Melee: Falchion          |    29 |    26 ||    55
         Touch             |     2 |     5 ||     7
 Invoke: Berserk           |     1 |     1 ||     2
         Trog's Hand       |     1 |     1 ||     2
 Armour: Animal skin       |    21 |    14 ||    35
  Dodge: Dodged            |    20 |    13 ||    33

Table legend: (Time is in decaauts)
 A = Elapsed time spent in this place.
 B = Non-inter-level travel time spent in this place.
 C = Inter-level travel time spent in this place.
 D = Time resting spent in this place.
 E = Time spent auto-exploring this place.
 F = Levels seen in this place.
 G = Mean time per level.
                   A        B        C        D        E       F      G
               +--------+--------+--------+--------+--------+-----+--------+
         Total |    220 |    220 |      0 |     92 |      0 |   1 |  220.0 |
       Dungeon |    220 |    220 |      0 |     92 |      0 |   1 |  220.0 |
               +--------+--------+--------+--------+--------+-----+--------+

Top non-repeatable levels by time:
       D: 220 daAuts
